Cogmind - Beta 16 @@@ ROGUE MODE // 2025.10.31 @ 14:25:37 Player: Reflectatory Result: Destroyed by VM-FKK(R) with Subdweller Laser Performance ------------- Evolutions (0) 0 Regions Visited (2) 400 Robots Destroyed (9) 45 Value Destroyed (180) 180 Prototype IDs (2) 40 Alien Tech Used (0) 0 Bonus (0) 0 TOTAL SCORE: 665 Bonus ------- None Cogmind --------- Core Integrity 0/250 Matter 300/300 Energy 124/125 System Corruption 0% Temperature Cool (6) Movement Rolling (110) Location -10/Subcaves Parts ------- > --- POWER (1) -------- Light Ion Engine > --- PROPULSION (2) --- Subdweller Monowheel Flight Unit > --- UTILITY (2) ------ Signal Interpreter > --- WEAPON (2) ------- Assault Rifle Light Assault Rifle > --- INVENTORY (5) ---- Subdweller Power Source Subdweller Optics Subdweller Laser Light Assault Rifle Light Assault Rifle Peak State ------------ > --- POWER ------------ Light Ion Engine > --- PROPULSION ------- Subdweller Monowheel Flight Unit > --- UTILITY ---------- Signal Interpreter > --- WEAPON ----------- Assault Rifle Light Assault Rifle > --- INVENTORY -------- Subdweller Power Source Subdweller Optics Subdweller Laser Light Assault Rifle Light Assault Rifle [Rating: 7] Favorites ----------- Power Ion Engine Engine Ion Engine Propulsion Compact Wheel Wheel Compact Wheel Flight Unit Flight Unit Utility Signal Interpreter Processor Signal Interpreter Weapon Light Assault Rifle Ballistic Gun Light Assault Rifle Build | -11 -10 -10 ------- Run | Yrd Mat Sub Slots Evolved . | . . . Power . | . . . Propulsion . | . . . Utility . | . . . Weapon . | . . . Parts Attached 13 | 5 1 7 Power 2 | 1 . 1 Engine 2 | 1 . 1 Core . | . . . Reactor . | . . . Propulsion 4 | 2 . 2 Treads . | . . . Leg . | . . . Wheel 3 | 2 . 1 Hover . | . . . Flight 1 | . . 1 Utility 1 | . 1 . Device . | . . . Storage . | . . . Processor 1 | . 1 . Hackware . | . . . Protection . | . . . Artifact . | . . . Weapon 6 | 2 . 4 Energy Gun . | . . . Energy Cannon . | . . . Ballistic Gun 6 | 2 . 4 Ballistic Cannon . | . . . Launcher . | . . . Special Weapon . | . . . Impact Weapon . | . . . Slashing Weapon . | . . . Piercing Weapon . | . . . Special Melee Weapon . | . . . Unidentified Prototypes . | . . . Parts Lost 4 | . . 4 Power . | . . . Propulsion 2 | . . 2 Utility . | . . . Weapon 2 | . . 2 Highest Loss Streak 3 | . . 3 To Critical Strikes . | . . . Average Backups 3 | 1 2 4 Power . | . 1 1 Propulsion . | . . . Utility . | . . . Weapon 2 | . 1 3 Tool/Special . | . . . Unused Backups 2 | . . 2 Power . | . . . Propulsion . | . . . Utility 2 | . . 2 Weapon . | . . . Tool/Special . | . . . Average Slot Usage (%) 81 | . 79 81 Engine 14 | . 14 14 Wheel 22 | . 28 20 Flight 3 | . . 4 Processor 12 | . 8 14 Ballistic Gun 28 | . 28 28 Peak Build Rating 7 | 5 6 7 Average Rating 5 | 4 5 5 On Entrance 3 | . 5 6 Avg Prop Armor Cover (%) 4 | . . 4 Naked Turns . | . . . Heaviest Build 8 | 7 7 8 Greatest Support 26 | 26 26 26 Greatest Overweight (x) 2 | . . 2 Average Overweight (x) . | . . . Largest Inventory Capacity 5 | 5 5 5 Average Capacity 5 | 5 5 5 Most Carried 5 | 2 4 5 Average Carried 3 | 1 2 4 Final Capacity 5 | 5 5 5 Final Carried 5 | 2 4 5 Class Distribution -------------------- 100% | Mutant Dominant Class ---------------- Mutant | -10/Materials Mutant | -10/Subcaves Resources | -11 -10 -10 ----------- Run | Yrd Mat Sub Matter Collected 401 | 224 46 131 Remotely . | . . . Salvage Created 225 | . 46 179 Parts 22 | . 6 16 Haulers Intercepted . | . . . Recyclers Shooed . | . . . Parts Field Recycled . | . . . Retrieved Matter . | . . . Parts Self-Destructed 9 | . . 9 Prevented . | . . . Parts Restored . | . . . Kills | -11 -10 -10 ------- Run | Yrd Mat Sub Combat Hostiles Destroyed 9 | . 3 6 Guns 9 | . 3 6 Classes Destroyed 2 | . 1 1 Swarmer 6 | . 3 3 Subdweller 3 | . . 3 Best Kill Streak 3 | . 3 3 Combat Bots Only 3 | . 3 3 Max Kills in Single Turn 1 | . 1 1 Gunslinging . | . . . Exploded . | . . . Melee . | . . . Uniques/NPCs Destroyed . | . . . Combat | -11 -10 -10 -------- Run | Yrd Mat Sub Hostile Shots Fired 83 | . 21 62 Missed 25 | . 5 20 Hits 58 | . 16 42 Projectile 58 | . 16 42 Critical Strikes 1 | . . 1 Damage Taken 705 | . 124 581 Core 257 | . 37 220 Absorbed by Shields . | . . . Core Remaining (%) 100 | 100 . . Volleys Fired 41 | . 11 30 Largest 2 | . 2 2 Hottest 40 | . 40 40 Shots Fired 82 | . 22 60 Gun 82 | . 22 60 Cannon . | . . . Launcher . | . . . Special . | . . . Kinetic 82 | . 22 60 Thermal . | . . . Explosive . | . . . Electromagnetic . | . . . Robot Hit Streak 5 | . 5 4 Robot Miss Streak 5 | . 5 3 Penetration Max . | . . . Secondary Targets 1 | . . 1 Max Gunslinging Chain 1 | . . 1 Shots Hit Robots 48 | . 11 37 Core Hits 21 | . 6 15 Critical Kills . | . . . Critical Parts Destroyed . | . . . Critical Strikes . | . . . Melee Attacks . | . . . Impact . | . . . Slashing . | . . . Piercing . | . . . Sneak Attacks . | . . . Combat Hostiles . | . . . Follow-up Attacks . | . . . Damage Inflicted 381 | . 85 296 Guns 381 | . 85 296 Cannons . | . . . Explosions . | . . . Melee . | . . . Ramming . | . . . Kinetic 381 | . 85 296 Thermal . | . . . Explosive . | . . . Electromagnetic . | . . . Impact . | . . . Slashing . | . . . Piercing . | . . . Highest Corruption . | . . . Average Corruption . | . . . Corruption Purged . | . . . Corruption Blocked . | . . . Overload Shots . | . . . Overflow Damage . | . . . Projectiles . | . . . Explosions . | . . . Melee . | . . . Knockbacks . | . . . Impact . | . . . Kinetic . | . . . Secondary . | . . . Self-Inflicted Damage . | . . . Shots . | . . . Rammed . | . . . Targets Rammed . | . . . Kicked . | . . . Crushed . | . . . Highest Temperature . | . . . Average Temperature . | . . . Received Heat Transfer 48 | . . 48 Siege Activations . | . . . Martial Activations . | . . . Shielding Activations . | . . . Robots Disrupted . | . . . Combat Hostiles . | . . . Robots Corrupted . | . . . Combat Hostiles . | . . . Parts Fried . | . . . Impact Corruptions . | . . . Robots Melted . | . . . Combat Hostiles . | . . . Parts Melted . | . . . Heat Transferred . | . . . Parts Sabotaged . | . . . Parts Stolen . | . . . Parts Stripped . | . . . Power Chain Reactions . | . . . Alert | -11 -10 -10 ------- Run | Yrd Mat Sub Maximum Alert Level . | . . . Low Security (%) 100 | 100 100 . Level 1 . | . . . Level 2 . | . . . Level 3 . | . . . Level 4 . | . . . Level 5 . | . . . High Security . | . . . Max Security . | . . . Peak Influence 55 | . 55 . Initial . | . . . Average 13 | . 19 . Influence Increases 145 | . 75 70 Destroy 0b10 Robot/C 120 | . 60 60 Destroy Leader 20 | . 10 10 Successful Hack 5 | . 5 . Influence Decreases 145 | . 30 115 Entered New Map 22 | . . 22 Time Decay 93 | . 30 63 Lost Part 30 | . . 30 Squads Dispatched . | . . . Investigation . | . . . Extermination . | . . . Reinforcement . | . . . Assault . | . . . Garrison . | . . . Intercept . | . . . Searches Triggered . | . . . Construction Impeded . | . . . Haulers Reinforced . | . . . Active Scanning Responses . | . . . Cargo Convoy Interrupts . | . . . Stealth | -11 -10 -10 --------- Run | Yrd Mat Sub Distress Signals . | . . . Communications Jammed . | . . . Distress Signals . | . . . Times Spotted 10 | . 3 7 Peak Tracking Total 3 | . 3 3 Tactical Retreats . | . . . Traps | -11 -10 -10 ------- Run | Yrd Mat Sub Traps Triggered . | . . . Indirectly . | . . . Trap Hack Attempts . | . . . Triggered . | . . . Disarmed . | . . . Reprogrammed . | . . . Reused . | . . . Traps Extracted . | . . . Installed . | . . . Triggered . | . . . Machines | -11 -10 -10 ---------- Run | Yrd Mat Sub Machines Disabled . | . . . Max in Single Turn . | . . . Machines Repaired . | . . . Machines Dismantled . | . . . Machines Sabotaged . | . . . Overloaded Fab Kills . | . . . Hacking | -11 -10 -10 --------- Run | Yrd Mat Sub Machines Accessed 1 | . 1 . Terminals 1 | . 1 . Fabricators . | . . . Repair Stations . | . . . Recycling Units . | . . . Scanalyzers . | . . . Garrison Access . | . . . Total Hacks 4 | . 4 . Successful 1 | . 1 . Failed 3 | . 3 . Catastrophic . | . . . Database Lockouts . | . . . Manual . | . . . Terminals 4 | . 4 . Fabricators . | . . . Repair Stations . | . . . Recycling Units . | . . . Scanalyzers . | . . . Garrison Access . | . . . Terminal Hacks 1 | . 1 . Prototype ID Bank 1 | . 1 . Fabricator Hacks . | . . . Repair Station Hacks . | . . . Recycling Unit Hacks . | . . . Scanalyzer . | . . . Garrison Access Hacks . | . . . Unauthorized Hacks . | . . . Terminals . | . . . Fabricators . | . . . Repair Stations . | . . . Recycling Units . | . . . Scanalyzers . | . . . Garrison Access . | . . . Data Cores Recovered . | . . . Used . | . . . Hacking Detections 1 | . 1 . Full Trace Events . | . . . Feedback Events . | . . . Feedback Blocked . | . . . Robot Schematics Acquired . | . . . Robots Built . | . . . Authchips . | . . . Time . | . . . Total Robot Build Rating . | . . . Part Schematics Acquired . | . . . Parts Built . | . . . Authchips . | . . . Time . | . . . Total Part Build Rating . | . . . Part Studies Acquired . | . . . Parts Repaired . | . . . Time . | . . . Parts Recycled . | . . . Recycled Matter . | . . . Retrieved Matter . | . . . Retrieved Components . | . . . Parts Scanalyzed . | . . . Part Schematics Acquired . | . . . Parts Damaged . | . . . Bothacking | -11 -10 -10 ------------ Run | Yrd Mat Sub Used RIF Installer . | . . . Robots Hacked . | . . . Non-combat . | . . . Combat . | . . . Robot Hacks Applied . | . . . Relay Couplers Released . | . . . Fabnet Peak Effective % . | . . . Robots Rewired . | . . . Allies Hacked . | . . . Hacks Repelled . | . . . Allies | -11 -10 -10 -------- Run | Yrd Mat Sub Total Allies . | . . . Largest Group . | . . . Highest-Rated Group . | . . . Highest-Rated Ally . | . . . Total Orders . | . . . Ally Attacks . | . . . Total Damage . | . . . Kills . | . . . Allies Corrupted . | . . . Allies Melted . | . . . Intel | -11 -10 -10 ------- Run | Yrd Mat Sub Active Infowar (turns) . | . . . Robot Analysis Total . | . . . Derelict Logs Recovered . | . . . Drone Launches . | . . . Drone Recoveries . | . . . Exploration | -11 -10 -10 ------------- Run | Yrd Mat Sub Turns Passed 549 | 47 116 386 Spaces Moved 414 | 44 93 277 Core 19 | 4 . 15 Treads . | . . . Legs . | . . . Wheels 395 | 40 93 262 Hover . | . . . Flight . | . . . Fastest Speed 50 | 50 90 90 Average Speed 92 | 85 90 94 Slowest Speed 150 | 90 90 150 Overloaded Moves . | . . . Propulsion Burnouts . | . . . Robots Hopped . | . . . Potential Cave-ins . | . . . Cave-ins Triggered . | . . . Exploration Rate (%) 13 | 4 18 18 Regions Visited 2 Branch Regions 1 Pre-discovered Areas . | . . . Known Exits Taken 1 | . 1 . Unknown Exits Taken 1 | 1 . . Scrap Searched . | . . . Spaces Dug . | . . . Terrain Destroyed . | . . . Melee . | . . . Projectile . | . . . AOE . | . . . Terrain Rammed . | . . . Walls Destroyed . | . . . Machines Disabled . | . . . Actions | -11 -10 -10 --------- Run | Yrd Mat Sub Total 512 | 50 107 355 Wait 34 | . 1 33 Move 412 | 43 92 277 Hop . | . . . Pick Up 9 | 2 2 5 Fast Attach 8 | 5 1 2 Attach 2 | . . 2 Detach . | . . . Swap 3 | . . 3 Drop 3 | . . 3 Fire 41 | . 11 30 Melee . | . . . Ram . | . . . Kick . | . . . Crush . | . . . Escape Stasis . | . . . Rewire . | . . . Trap . | . . . Miscellaneous . | . . . Route ------- -11/Scrapyard -10/Materials (discovered 2 exits: *Min / *Sub) -10/Subcaves History --------- Turn | Location | Event 5 | -11/Scrapyard | Discovered new exit (range 15) 48 | -11/Scrapyard | Entered Materials 50 | -10/Materials | Discovered new exit (range 13) 90 | -10/Materials | Identified exit to Mines 158 | -10/Materials | Discovered new exit (range 9) 164 | -10/Materials | Identified exit to Subcaves 164 | -10/Materials | Entered Subcaves 165 | -10/Subcaves | Approached by a straggling Scientist 312 | -10/Subcaves | Build established: Mutant 476 | -10/Subcaves | Core integrity fell below 50% 486 | -10/Subcaves | Core integrity fell below 20% 535 | -10/Subcaves | Lost 3 parts (1n2w) 550 | -10/Subcaves | Destroyed by VM-FKK(R) with Subdweller Laser Last Messages --------------- Shield. B7-7SM(R) destroyed. Switching to secondary target: 92-G2G(R). Lgt. Assault Rifle destroyed. 92-G2G(R) destroyed. Acquired Sub. Optics. Acquired Disposable Heat Sink. 7O-NHT(c): "I think it's somewhere northeast of here" Acquired 35 matter. Subatomizers dissect the Disposable Heat Sink. Acquired 15 matter. Dropped Lgt. Ion Engine. Acquired Sub. Power Source. Dropped Disposable Heat Sink. Acquired Sub. Laser. Dropped Ion Engine. Subatomizers dissect the Disposable Heat Sink. Acquired Sub. Monowheel. Acquired 20 matter. Map ----- +----------------------------------------------------+ | ?????????????????????????????????????????????????? | | ?????????????????????????????????????????????????? | | ?????????????????????????????????????????????????? | | ?????????????????????????????????????????????????? | | ?????????????????????????????????????????????????? | | ?????????????????????????????????????????????????? | | ?????????????????????????????????????????????????? | | ?????????????????????????????????????????????????? | | ?????????????????????????????????????????????????? | | ?????????????????????????????????????????????????? | | ?????????????????????????????????????????????????? | | ?????????????????????????????????????????????????? | | ?????????????????????????????????????????????????? | | ?????????????????????????????????????????????????? | | ?????????????????????????????????????????????????? | | ?????????????????? ?????????????????????????????? | | ????????????????# ? ?????????????????????????????? | | ????????????????# ????????????????????????????? | | ????????????????? " "???????????????????????????? | | ??????????????????""""????##?????????????????????? | | ???????????????????" " ?## ##????????????????????? | | ???????????????????? ##" #????????????????????? | | ?????????????????????# "" #????????????????????? | | ?????????????????????#Rc ""#????????????????????? | | ?????????????????????# "#?????????????????????? | | ????????????????????? #@"##????????????????????? | | ????????????????????## ## " #????????????????????? | | ????????????????????# # "##????????????????????? | | ?????????????????????# " #????????????????????? | | ????????????###??????# ## "##????????????????????? | | ????????????# ##????# &%! ##????????????????????? | | ????????????# #??### #[ ##???????????????????? | | ????????????# #?## # #???????????????????? | | ????????????# ### #???????????????????? | | ?????????????# ## &&& ####???????????????????? | | ?????????????# !% & % *#??????????????????????? | | ?????????????## # # & #??????????????????????? | | ??????????????# ######! #????????????????????? | | ??????????????# #????# #????????????????????? | | ??????????????# ##??? #????????????????????? | | ??????????????# #??# ##???????????????###??? | | ??????????????# #??## ##????????????????# #??? | | ??????????????# ##??## ##?????????????????# #??? | | ?????????????## #???###??????????????????# ###? | | ?????????????# ##??????#####????????##### #? | | ?????????????## #####?## ##??##### ## #? | | ??????????????## ## ### #### ### ##? | | ???????????????### ## #? | | ?????????????????## #???## #? | | ??????????????????## #????# ##? | +----------------------------------------------------+ Best States ------------- Heat Dissipation 25 Energy Generation 10 Energy Capacity 250 Matter Stores 300 Matter Capacity 300 Sight Range 16 Terrain Scan Density 10 Evasion (%) 42 Item Schematics ----------------- None Robot Schematics ------------------ None Fabricated ------------ Nothing Repaired ---------- Nothing Studied --------- None Alien Tech Used ----------------- None Achievements -------------- None Challenges ------------ None Game ------ Seed ImprinterAerolevGun Manual? 0 Play Time 00:06:51 Cumulative 48.7 hours Start 2025.10.31 @ 14:21:26 End 2025.10.31 @ 14:25:37 Sessions 1 Manual Loads 0 Difficulty Rogue Special Mode None Game No. 55 Rogue 55 Adventurer 0 Explorer 0 Win Type - Total 1 Types 1/0/0/0/0/0/0/0/0/0 Lore% 46 Gallery% 42 Achievement% 31 Wizard Run 0 Options --------- Layout 1 ASCII 0 Keyboard 0 Movement Numpad Keybinds 0 Fullscreen 1 Font 32/SmallcapsGlow Map View 50x35 Zoom Use 0% Tactical HUD 0 Map Filters NONE Filters NONE Steam 1 RUN: 94218a83-d640-4111-b831-a9d8c1b6288b